 Dungeon Crawl Stone Soup version 0.28.0 (webtiles) character file.

Game seed: 236294580762889820

489 Ajdolov the Digger (level 7, -4/41 HPs)
             Began as an Octopode Earth Elementalist on Feb 9, 2022.
             Was an Initiate of Vehumet.
             Slain by a black bear (7 damage)
             ... on level 5 of the Dungeon.
             The game lasted 00:08:28 (3985 turns).

Ajdolov the Digger (Octopode Earth Elementalist)    Turns: 3985, Time: 00:08:30

Health: -4/41      AC:  1    Str:  7    XL:     7   Next: 14%
Magic:  1/10       EV: 13    Int: 19    God:    Vehumet [......]
Gold:   79         SH:  0    Dex: 13    Spells: 6/10 levels left

rFire   . . .      SeeInvis .   h - +3 dagger
rCold   . . .      Faith    .   (no shield)
rNeg    . . .      Spirit   .   (helmet restricted)
rPois   .          Reflect  .   (no amulet)
rElec   .          Harm     .   (no ring)
rCorr   .          Rampage  .   (no ring)
Will    .....                   (no ring)
Stlth   +++.......              (no ring)
HPRegen 0.13/turn               (no ring)
MPRegen 0.12/turn               (no ring)
                                (no ring)
                                (no ring)

@: very slightly contaminated
A: almost no armour, amphibious, 8 rings, camouflage 1, gelatinous body 1,
(nimble swimmer 1), tentacles
a: Renounce Religion


You were on level 5 of the Dungeon.
You worshipped Vehumet.
Vehumet was noncommittal.
You visited 2 branches of the dungeon, and saw 6 of its levels.

You collected 209 gold pieces.
You spent 130 gold pieces at shops.

Inventory:

Hand Weapons
 h - a +3 dagger (weapon)
Missiles
 b - 83 stones
Wands
 o - a wand of paralysis (9)
Scrolls
 a - 2 scrolls of fog
 c - a scroll of enchant weapon {unknown}
 f - 3 scrolls of teleportation
 i - a scroll of magic mapping {unknown}
 k - 2 scrolls of blinking
 s - a scroll of identify
Potions
 d - 4 potions of degeneration
 e - a potion of curing {unknown}
 g - a potion of magic {unknown}
 j - a potion of lignification {unknown}
 l - 2 potions of heal wounds
 m - a potion of ambrosia {unknown}
 n - a potion of resistance {unknown}
 p - a potion of mutation {unknown}
 q - a potion of berserk rage {unknown}
 r - a potion of invisibility {unknown}


   Skills:
 - Level 2.0 Dodging
 - Level 2.6 Stealth
 - Level 2.0 Spellcasting
 * Level 4.5 Conjurations
 - Level 1.0 Transmutations
 * Level 6.3 Earth Magic


You had 6 spell levels left.
You knew the following spells:

 Your Spells              Type           Power      Damage    Failure   Level
a - Sandblast             Erth           50%        2d12      1%          1
b - Stone Arrow           Conj/Erth      44%        3d9       5%          3

Your spell library contained the following spells:

 Spells                   Type           Power      Damage    Failure   Level
 Passwall                 Tmut/Erth      12%        N/A       6%          2
 Petrify                  Tmut/Erth      15%        N/A       36%         4
 Gell's Gravitas          Tloc           1%         N/A       45%         3
 Lesser Beckoning         Tloc           1%         N/A       45%         3
 Portal Projectile        Hex/Tloc       2%         N/A       45%         3
 Teleport Other           Tloc           1%         N/A       45%         3
 Blade Hands              Tmut           2%         N/A       97%         5
 Excruciating Wounds      Necr           0%         N/A       99%         5


Dungeon Overview and Level Annotations

Branches:
Dungeon (5/15)             Temple (1/1) D:5

Altars:
Dithmenos
Elyvilon
Vehumet
Zin
The Shining One

Shops:
D:2 (   D:3 *   D:5 *

Annotations:
D:4 exclusion: centaur


Innate Abilities, Weirdness & Mutations

You cannot wear most types of armour.
You are amphibious.
You can wear up to eight rings at the same time.
Your skin changes colour to match your surroundings (Stealth+).
Your rubbery body absorbs attacks. (AC +1, EV +1)
((You are camouflaged when in or above water. (Stealth+)))
You have tentacles for arms and can constrict up to eight enemies at once.


Message History

Confirm with . or Enter, or press ? or * to list all spells.
Aiming: Stone Arrow (dangerous; 5% risk of failure)
Press: ? - help, Shift-Dir - straight line, f/p - black bear
Aim: a black bear (79% to hit)
The stone arrow hits the black bear!
The black bear is moderately wounded.
Casting: Stone Arrow (dangerous; 5% risk of failure)
Confirm with . or Enter, or press ? or * to list all spells.
Aiming: Stone Arrow (dangerous; 5% risk of failure)
Press: ? - help, Shift-Dir - straight line, f/p - black bear
Aim: a black bear (moderately wounded, 79% to hit)
The stone arrow hits the black bear!
The black bear is almost dead.
The black bear goes berserk!
Aiming: Sandblast (safe; 1% risk of failure)
Press: ? - help, Q - select action, (/) - cycle Shift-Dir - straight line, f/p - black bear
Aim: a black bear (almost dead, berserk, 86% to hit)
The blast of sand hits the black bear.
The black bear is almost dead.
The black bear bites you. The black bear misses you. The black bear claws you.
You don't have enough magic to cast this spell.
You don't have enough magic to cast this spell.
The black bear bites you. The black bear barely misses you. x2
There is an open door here.
The black bear bites you! The black bear misses you. The black bear claws you.
The black bear rages.
Aiming: Paralyse
Press: ? - help, Shift-Dir - straight line, f/p - black bear
Aim: a black bear (almost dead, berserk, chance to affect: 49%)
The black bear resists with some effort.
The black bear bites you!
* * * LOW HITPOINT WARNING * * *
The black bear claws you.
* * * LOW HITPOINT WARNING * * *
The black bear claws you.
* * * LOW HITPOINT WARNING * * *
The black bear closely misses you.
The black bear claws you but does no damage.
The black bear claws you!
You die...

#......### ###
###'#..# )...
#.#..#
....#######.# .#
............# #
#...........#
#...........# #
#...........# .##
#......@...##...#
#......h.........
#...........###.#
#######'#.#......
#.#.#####.# #.#.#
#.#.# #.#.# #.#..


You could see a black bear (berserk).

Vanquished Creatures
  A sky beast (D:5)
  An ogre (D:4)
  A phantom (D:5)
  A hound (D:5)
  A jelly (D:4)
  An iguana (D:4)
  2 orc wizards (D:3)
  A hound skeleton (D:4)
  3 adders
  An ufetubus (D:5)
  A worm (D:2)
  2 dart slugs
  8 orcs
  4 ball pythons
  A bat (D:2)
  5 endoplasms
  2 giant cockroaches
  6 goblins
  A hobgoblin (D:2)
  A frilled lizard (D:1)
  3 kobolds (D:1)
  6 rats
53 creatures vanquished.

Notes
Turn   | Place    | Note
-------+----------+-------------------------------------------
     0 | D:1      | Ajdolov the Octopode Earth Elementalist began the quest for
                  | the Orb.
     0 | D:1      | Reached XP level 1. HP: 11/11 MP: 3/3
   144 | D:1      | Reached XP level 2. HP: 17/17 MP: 3/5
   590 | D:1      | Found a faded altar of an unknown god.
   759 | D:2      | Reached skill level 4 in Earth Magic
   826 | D:2      | Reached XP level 3. HP: 20/21 MP: 6/6
   832 | D:2      | Learned a level 3 spell: Stone Arrow
   837 | D:2      | Found Betz's Weapon Emporium.
  1377 | D:3      | Found a glowing silver altar of Zin.
  1377 | D:3      | Found a white marble altar of Elyvilon.
  1377 | D:3      | Found a glowing golden altar of the Shining One.
  1594 | D:3      | Found Zegegaps's General Store.
  1601 | D:3      | Bought a potion of heal wounds for 70 gold pieces
  1995 | D:3      | Reached skill level 1 in Conjurations
  1995 | D:3      | Reached XP level 4. HP: 27/27 MP: 4/7
  2463 | D:4      | Reached XP level 5. HP: 30/31 MP: 4/8
  2571 | D:4      | Noticed a centaur
  2600 | D:4      | Reached skill level 5 in Earth Magic
  2889 | D:4      | Noticed an ogre
  2917 | D:4      | Killed an ogre
  2918 | D:4      | Reached XP level 6. HP: 8/36 MP: 5/9
  3351 | D:5      | Entered Level 5 of the Dungeon
  3538 | D:5      | Reached skill level 6 in Earth Magic
  3601 | D:5      | Found Cuirameh's General Store.
  3604 | D:5      | Bought a scroll of teleportation for 36 gold pieces
  3604 | D:5      | Bought a scroll of identify for 24 gold pieces
  3632 | D:5      | Found a staircase to the Ecumenical Temple.
  3636 | D:5      | Noticed a sky beast
  3649 | Temple   | Entered the Ecumenical Temple
  3657 | Temple   | Became a worshipper of Vehumet
  3671 | D:5      | Killed a sky beast
  3672 | D:5      | Reached XP level 7. HP: 7/41 MP: 4/10
  3985 | D:5      | Slain by a black bear

Illustrated notes

Levels and vault maps discovered:
D:1:      dpeg_arrival_shelter, layout_basic, chequers_ecumenical_altar_lobes,
          minmay_misc_feat_tiny
D:2:      layout_basic, serial_shops, nicolae_shop_waterfront
D:3:      layout_loops_cross, good_gods_temple_1, serial_shops, shop
D:4:      layout_cave_pools
D:5:      layout_basic, minmay_temple_entry_sparse_star, serial_shops, shop
Temple:   dpeg_chambers_temple

Skill      XL: |  1  2  3  4  5  6 |
---------------+-------------------+-----
Earth Magic    | 4 5 6 |  6.3
Conjurations   | 1 2 3 4 |  4.5
Dodging        | |  2.0
Stealth        | |  2.6
Spellcasting   | |  2.0
Transmutations | |  1.0

Action                   |  1- 3 |  4- 6 |  7- 9 || total
-------------------------+-------+-------+-------++-------
Melee: Unarmed           |     3 |       |       ||     3
       Constrict         |     4 |     2 |       ||     6
       Dagger            |    21 |    10 |       ||    31
       Tentacles         |     4 |       |       ||     4
 Cast: Sandblast         |    20 |    43 |     3 ||    66
       Stone Arrow       |       |       |     2 ||     2
Evoke: Wand              |       |       |     1 ||     1
  Use: Scroll            |       |     3 |       ||     3
 Stab: Sleeping          |    14 |     2 |       ||    16
Armor: Skin              |       |       |     1 ||     1
Dodge: Dodged            |    14 |    22 |     5 ||    41
